 Dungeon Crawl Stone Soup version 0.20-a0-1122-gb7cbeb9 (webtiles) character file.

153 HeyBub the Slasher (level 5, 0/45 HPs)
             Began as a Minotaur Monk on May 10, 2017.
             Slain by pagos's ghost (13 damage)
             ... on level 3 of the Dungeon.
             The game lasted 00:02:26 (1766 turns).

HeyBub the Slasher (Minotaur Monk)                  Turns: 1766, Time: 00:02:27

Health: 0/45       AC:  3    Str: 17    XL:     5   Next: 12%
Magic:  4/4        EV: 18    Int:  7    God:
Gold:   106        SH:  0    Dex: 17    Spells: 4/4 levels left

rFire    . . .     SeeInvis .   a - +0 falchion
rCold    . . .     Gourm    .   (no shield)
rNeg     . . .     Faith    .   m - +0 leather armour
rPois    .         Spirit   .   (helmet restricted)
rElec    .         Reflect  .   (no cloak)
rCorr    .         Harm     .   (no gloves)
MR       .....                  (no boots)
Stlth    +++.......             (no amulet)
Regen    0.2/turn               (no ring)
MPRegen  0.1/turn               (no ring)

@: agile
A: retaliatory headbutt, horns 2
a: no special abilities


You were on level 3 of the Dungeon.
You were hungry.

You visited 1 branch of the dungeon, and saw 3 of its levels.

You collected 106 gold pieces.

Inventory:

Hand Weapons
 a - a +0 falchion (weapon)
Armour
 b - a +0 robe
 m - a +0 leather armour (worn)
Scrolls
 e - 3 scrolls of identify
 f - a scroll of remove curse
 j - a scroll of fog {unknown}
Comestibles
 c - 3 bread rations
 g - 2 fruits
 h - a royal jelly
 l - 2 meat rations


   Skills:
 - Level 3.6 Fighting
 + Level 7.1 Long Blades
 - Level 3.2 Dodging
 - Level 1.5 Stealth


You had 4 spell levels left.
You didn't know any spells.

Dungeon Overview and Level Annotations

Branches:
Dungeon (3/15)

Altars:
Nemelex Xobeh
Xom

Annotations:
D:3 pagos's ghost, amateur MiFi


Innate Abilities, Weirdness & Mutations

You reflexively headbutt those who attack you in melee.
You have a pair of horns on your head.


Message History

You headbutt pagos's ghost.
Pagos's ghost is moderately damaged.
You hit pagos's ghost but do no damage.
Pagos's ghost is moderately damaged.
Pagos's ghost hits you.
* * * LOW HITPOINT WARNING * * *
You barely miss pagos's ghost. Your headbutt misses pagos's ghost.
Pagos's ghost is moderately damaged.
Pagos's ghost closely misses you. You furiously retaliate!
You headbutt pagos's ghost. You hit pagos's ghost but do no damage.
Pagos's ghost is heavily damaged.
Pagos's ghost closely misses you.
You riposte.
You hit pagos's ghost.
You headbutt pagos's ghost, but do no damage.
Pagos's ghost is heavily damaged.
You hit pagos's ghost but do no damage.
You headbutt pagos's ghost, but do no damage.
Pagos's ghost is heavily damaged.
Pagos's ghost hits you!
You die...

...## ....###
_..... ....#
...# #### ..#
#...##W######
+....@.......
##....########
#....$'...#
#.....###)#
#...... #.#
#.###.#.#.# #.
#.#.#.# #
#.#.#.#
#.#.#.#


You could see pagos's ghost.

Vanquished Creatures
  2 jellies (D:1)
  An adder (D:2)
  5 oozes
  A worm (D:2)
  A leopard gecko (D:2)
  2 orcs
  6 bats
  7 giant cockroaches
  6 goblins
  4 hobgoblins
  5 jackals
  5 kobolds
  2 quokkas (D:2)
  3 frilled lizards
  8 rats
58 creatures vanquished.

Notes
Turn   | Place    | Note
-------+----------+-------------------------------------------
     0 | D:1      | HeyBub the Minotaur Monk began the quest for the Orb.
     0 | D:1      | Reached XP level 1. HP: 19/19 MP: 0/0
     1 | D:1      | Found a runed door.
     4 | D:1      | Noticed a jelly
     5 | D:1      | Noticed a jelly
    56 | D:1      | Reached skill level 4 in Long Blades
   103 | D:1      | Reached XP level 2. HP: 1/26 MP: 1/1
   923 | D:1      | Reached skill level 5 in Long Blades
   926 | D:1      | Reached XP level 3. HP: 25/31 MP: 2/2
   928 | D:1      | Reached skill level 6 in Long Blades
   928 | D:1      | Reached XP level 4. HP: 19/39 MP: 3/3
  1483 | D:2      | Reached XP level 5. HP: 38/45 MP: 4/4
  1531 | D:2      | Reached skill level 7 in Long Blades
  1558 | D:2      | Found a shimmering altar of Xom.
  1749 | D:3      | Noticed pagos's ghost (amateur MiFi)
  1751 | D:3      | Found a sparkling altar of Nemelex Xobeh.
  1766 | D:3      | Slain by pagos's ghost

Vault maps used:
D:1:      dpeg_arrival_caged_fury
D:2:      old_standard_altar, first_bread
D:3:      marbit_many_paths, lemuel_round_altar

Skill      XL: |  1  2  3  4  5 |
---------------+----------------+-----
Long Blades    | 4 5 6 7 |  7.1
Fighting       | |  3.6
Dodging        | |  3.2
Stealth        | |  1.5

Action                   |  1- 3 |  4- 6 || total
-------------------------+-------+-------++-------
Melee: Falchion          |    48 |    84 ||   132
       Headbutt          |     9 |    18 ||    27
  Use: Potion            |       |     6 ||     6
       Scroll            |       |     2 ||     2
 Stab: Sleeping          |     2 |     3 ||     5
  Eat: Chunk             |       |     2 ||     2
Armor: Robe              |     7 |     3 ||    10
       Leather armour    |       |     5 ||     5
Dodge: Dodged            |    27 |    47 ||    74
       Rpst.: Falchion   |    14 |    15 ||    29
